 Dungeon Crawl Stone Soup version 0.20.1-1-g8b1a95d (webtiles) character file.

168 myopia the Sneak (level 5, 0/34 HPs)
             Began as an Octopode Assassin on Jan 3, 2018.
             Was an Initiate of Dithmenos.
             Hit by a stone thrown by a kobold (4 damage)
             ... on level 3 of the Dungeon.
             The game lasted 00:08:29 (1748 turns).

myopia the Sneak (Octopode Assassin)                Turns: 1748, Time: 00:08:30

Health: 0/34       AC:  1    Str: 11    XL:     5   Next: 49%
Magic:  5/5        EV: 12    Int: 13    God:    Dithmenos [......]
Gold:   101        SH:  3    Dex: 16    Spells: 4/4 levels left

rFire    x . .     SeeInvis .   a - +2 dagger
rCold    + . .     Gourm    .   i - +0 buckler
rNeg     . . .     Faith    .   (helmet restricted)
rPois    .         Spirit   .   (no amulet)
rElec    .         Reflect  .   h - ring of ice
rCorr    .         Harm     .   j - +2 ring of dexterity
MR       .....                  (no ring)
Stlth    +++++.....             (no ring)
Regen    0.2/turn               (no ring)
MPRegen  0.1/turn               (no ring)
                                (no ring)
                                (no ring)

@: no status effects
A: almost no armour, stealthy swim, amphibious, 8 rings, constrict 8, camouflage
1, gelatinous body 1
a: Renounce Religion


You were on level 3 of the Dungeon.
You worshipped Dithmenos.
Dithmenos was noncommittal.
You were not hungry.

You visited 1 branch of the dungeon, and saw 3 of its levels.

You collected 101 gold pieces.

Inventory:

Hand Weapons
 a - a +2 dagger (weapon)
 b - a +0 blowgun
Missiles
 c - 21 poisoned needles
 d - 2 curare-tipped needles
Armour
 i - a +0 buckler (worn)
Jewellery
 h - a ring of ice (left tentacle)
 j - a +2 ring of dexterity (right tentacle)
Scrolls
 g - 2 scrolls of teleportation
 l - a scroll of identify
 q - a scroll of fog
 r - a scroll of remove curse
Potions
 e - a potion of haste
 m - 3 potions of curing
 o - a potion of might {unknown}
 s - a potion of heal wounds
Comestibles
 f - 2 bread rations
 k - 4 fruits
 n - 6 chunks of flesh


   Skills:
 - Level 2.0 Fighting
 + Level 4.0 Short Blades
 - Level 2.0 Throwing
 - Level 1.0 Dodging
 + Level 7.5 Stealth


You had 4 spell levels left.
You didn't know any spells.

Dungeon Overview and Level Annotations

Branches:
Dungeon (3/15)

Altars:
Dithmenos
Ru

Annotations:
D:2 Natasha


Innate Abilities, Weirdness & Mutations

You cannot wear most types of armour.
You are very stealthy in the water. (Stealth+)
You are amphibious.
You can wear up to eight rings at the same time.
You can use your tentacles to constrict eight enemies at once.
Your skin changes colour to match your surroundings (Stealth+).
Your rubbery body absorbs attacks. (AC +1, EV +1)


Message History

Dithmenos accepts your kill.
Items here: )) †† a spear; a whip; a gnoll corpse x2
Butcher a gnoll corpse? [(y)es/(c)hoosy/(n)o/(a)ll/(e)dible/(q)uit/?]
You butcher the gnoll corpse. x2
n - 4 chunks of flesh;
n - 7 chunks of flesh (gained 3)
Things that are here:
a spear; a whip Eat one of 7 chunks of flesh? (ye/n/q)
You eat one of the 7 chunks of flesh.
This raw flesh tastes terrible.
The kobold shouts!
The kobold throws a stone.
The stone hits you.
* * * LOW HITPOINT WARNING * * *
You see here a stone.
The kobold throws a stone.
The stone barely misses you.
The kobold throws a stone.
The stone hits you.
* * * LOW HITPOINT WARNING * * *
You see here a stone.
The kobold throws a stone.
The stone hits you.
You die...

#.###.#.####..#
#.# ##.## #..#
#^# ### #..#
##.# #.## #..##
#.# #..)# #.###
###.# #K..# #.#
#.#.# #.# #@#.#
#.# #(#.# #.#
#.#.# #.# #(#.#
#.# ####.#)###
### #.#
#........##.....
#.#
#.##...........$
#.#
#.####...)....##
#.######.#
########.#


You could see a kobold.

Vanquished Creatures
  Jessica (D:2)
  Natasha (D:2)
  3 gnolls (D:3)
  3 adders (D:2)
  A dart slug (D:3)
  3 leopard geckos
  An orc (D:2)
  3 giant cockroaches (D:1)
  6 hobgoblins
  5 jackals (D:1)
  A ball python (D:3)
  8 bats
  4 frilled lizards (D:1)
  8 goblins
  3 kobolds
  8 rats
59 creatures vanquished.

Notes
Turn   | Place    | Note
-------+----------+-------------------------------------------
     0 | D:1      | myopia the Octopode Assassin began the quest for the Orb.
     0 | D:1      | Reached XP level 1. HP: 14/14 MP: 1/1
   209 | D:1      | Reached XP level 2. HP: 19/19 MP: 2/2
   357 | D:1      | Reached skill level 6 in Stealth
   695 | D:1      | Reached XP level 3. HP: 19/24 MP: 3/3
   901 | D:2      | Found a shadowy altar of Dithmenos.
   907 | D:2      | Noticed Natasha
   910 | D:2      | Killed Natasha
   920 | D:2      | Became a worshipper of Dithmenos the Shadowed
   923 | D:2      | Reached XP level 4. HP: 20/29 MP: 4/4
   948 | D:2      | Noticed Natasha
  1267 | D:2      | Reached skill level 7 in Stealth
  1518 | D:2      | Noticed Jessica
  1525 | D:2      | Killed Jessica
  1525 | D:2      | Reached XP level 5. HP: 34/34 MP: 5/5
  1669 | D:3      | Found a sacrificial altar of Ru.
  1748 | D:3      | Hit by a stone thrown by a kobold

Skill      XL: |  1  2  3  4  5 |
---------------+----------------+-----
Stealth        | 6 7 |  7.5
Short Blades   | 3 4 |  4.0
Fighting       | |  2.0
Throwing       | |  2.0
Dodging        | |  1.0

Action                   |  1- 3 |  4- 6 || total
-------------------------+-------+-------++-------
Melee: Dagger            |    48 |    43 ||    91
       Tentacles         |     2 |    10 ||    12
       Constrict         |     5 |     8 ||    13
  Use: Scroll            |       |     8 ||     8
 Stab: Sleeping          |    16 |    20 ||    36
  Eat: Chunk             |       |     3 ||     3
Armor: Skin              |       |     4 ||     4
Dodge: Dodged            |    12 |    12 ||    24
Block: Buckler           |     5 |       ||     5
